 Dungeon Crawl Stone Soup version 0.31.0-2-g5a2aebc5c2 (webtiles) character file.

Game seed: 14396118567630203232

3805 Persephone the Basher (level 10, -6/56 HPs)
             Began as a Gargoyle Fighter on Jan 20, 2024.
             Was an Initiate of the Shining One.
             Mangled by an orc warrior
             ... wielding a +0 spear
              (14 damage)
             ... in a bailey.
             The game lasted 00:16:07 (7211 turns).

Persephone the Basher (Gargoyle Fighter)            Turns: 7211, Time: 00:16:08

Health: -6/56      AC: 25    Str: 24    XL:     10   Next: 17%
Magic:  0/10       EV: 11    Int:  9    God:    the Shining One [......]
Gold:   428        SH:  4    Dex:  9    Spells: 9/9 levels left

rFire   + . .        m - +6 whip "Ibiuverph" {freeze, rPois}
rCold   . . .        c - +0 buckler
rNeg    + . .        x - +3 plate armour {rF+}
rPois   ∞            B - +1 helmet {SInv}
rElec   +            n - +0 cloak
rCorr   .            (no gloves)
SInv    +            (no boots)
Will    .....        r - amulet of guardian spirit Stlth
                     C - +4 ring of slaying
HPRegen 0.29/turn    t - +5 ring of evasion
MPRegen 0.12/turn

%: guardian spirit
@: mighty, glowing
A: sickness immunity, AC +7, negative energy resistance 1, electricity
resistance, torment resistance 1, petrification resistance
a: Renounce Religion


You were in a bailey.
You worshipped the Shining One.
The Shining One was noncommittal.
You visited 2 branches of the dungeon, and saw 9 of its levels.
You also visited: Bailey.

You collected 428 gold pieces.

Inventory:

Hand Weapons
 m - the +6 whip "Ibiuverph" (weapon) {freeze, rPois}
   (You took it off a goblin on level 3 of the Dungeon)

   rPois:     It protects you from poison
Armour
 b - a +1 plate armour
 c - a +0 buckler (worn)
 n - a +0 cloak (worn)
 x - a +3 plate armour of fire resistance (worn)
 B - a +1 helmet of see invisible (worn)
Jewellery
 a - a ring of fire
 j - a ring of willpower
 r - an amulet of guardian spirit (around neck)
 t - a +5 ring of evasion (right hand)
 C - a +4 ring of slaying (left hand)
Wands
 z - a wand of flame (15)
Scrolls
 g - 2 scrolls of teleportation
 h - 3 scrolls of enchant armour
 i - 5 scrolls of blinking
 o - a scroll of silence
 u - a scroll of fog
 y - a scroll of amnesia
 A - a scroll of revelation {unknown}
Potions
 e - a potion of magic
 f - 3 potions of mutation {unknown}
 k - 2 potions of heal wounds {unknown}
 l - 2 potions of attraction {unknown}
 p - a potion of enlightenment {unknown}
 q - a potion of experience {unknown}
 s - 2 potions of curing {unknown}
 v - a potion of brilliance {unknown}
 w - a potion of haste {unknown}


   Skills:
 + Level 3.8 Fighting
 - Level 14.0 Maces & Flails
 + Level 3.8 Armour
 + Level 3.8 Shields


You had 9 spell levels left.
You didn't know any spells.
Your spell library contained the following spells:

 Spells                   Type           Power      Damage    Failure   Level
 Apportation              Tloc           0%         N/A       100%        1
 Necrotise                Necr           0%         1d4       100%        1
 Sting                    Conj/Alch      0%         1d3       100%        1
 Summon Small Mammal      Summ           0%         N/A       100%        1
 Dazzling Flash           Conj/Hex       0%         N/A       100%        3
 Mephitic Cloud           Conj/Alch/Air  0%         N/A       100%        3
 Dispel Undead            Necr           0%         3d6       100%        4
 Martyr's Knell           Necr/Summ      0%         N/A       100%        4
 Curse of Agony           Necr           0%         N/A       100%        5
 Silence                  Hex/Air        0%         N/A       100%        5
 Summon Forest            Summ/Tloc      0%         N/A       100%        5
 Summon Mana Viper        Hex/Summ       0%         N/A       100%        5
 Death Channel            Necr           0%         N/A       100%        6
 Summon Cactus Giant      Summ           0%         N/A       100%        6
 Cigotuvi's Dreadful Rot  Necr/Alch/Air  Unusable   N/A       N/A         2

Dungeon Overview and Level Annotations

Branches:
Dungeon (8/15)             Temple (1/1) D:7          Bailey (1/1)
   Lair: D:8-11

Altars:
Cheibriados
Dithmenos
Elyvilon
Fedhas
Gozag
Hepliaklqana
Kikubaaqudgha
Makhleb
Nemelex Xobeh
Okawaru
Qazlal
Ru
Uskayaw
Vehumet
Wu Jian
Xom
Yredelemnul
Zin
The Shining One

Shops:
D:2 (   D:5 *[*((==


Innate Abilities, Weirdness & Mutations

You are immune to sickness and miasma.
Your stone body is resilient. (AC +7)
You are immune to poison.
You resist negative energy. (rN+)
You are resistant to electric shocks. (rElec)
You are resistant to unholy torment.
You are immune to petrification.


Message History

You hit the orc knight. You freeze the orc knight.
The orc knight is almost dead.
You whack the orc knight! You freeze the orc knight.
You kill the orc knight!
The orc knight barely misses you. The orc warrior barely misses you.
Training target 14.0 for Maces & Flails reached!
Your Maces & Flails skill increases to level 14!
You need to enable at least one skill for training.
The orc knight hits you with a +0 halberd.
The orc warrior barely misses you.
You whack the orc knight! You freeze the orc knight!
The orc knight is moderately wounded.
The orc knight completely misses you. The orc warrior misses you.
You hit the orc knight. You freeze the orc knight.
The orc knight is heavily wounded.
You hit the orc knight. You freeze the orc knight.
The orc knight is heavily wounded.
The orc knight hits you with a +0 halberd.
The orc warrior hits you but does no damage.
You barely miss the orc knight.
The orc knight is heavily wounded.
You closely miss the orc knight.
The orc knight is heavily wounded.
The orc knight hits you with a +0 halberd!!
The orc warrior hits you but does no damage.
You whack the orc knight! You freeze the orc knight.
The orc knight is severely wounded.
You whack the orc knight! You freeze the orc knight.
The orc knight is severely wounded.
The orc knight hits you with a +0 halberd!!
* * * LOW HITPOINT WARNING * * *
The orc warrior barely misses you.
You hit the orc knight but do no damage.
The orc knight is severely wounded.
You whack the orc knight! You freeze the orc knight.
The orc knight is almost dead.
The orc knight hits you with a +0 halberd!
* * * LOW HITPOINT WARNING * * *
The orc warrior hits you from afar with a +0 spear!
You die...

...≈≈#.##≈~~~~~~###~~~~~~≈##)#≈≈.
...~≈≈~≈≈≈~~~#########~~~≈≈≈~≈≈~.
...~~~~~~~~~##~~~~~~~##~~~~~~~~~.
...~~~~~~~~##~~#'#'#~~##~~~~~~~~.
...~~~~~~~~#~~##)#)##~~#~~~~~~~~.
...~~~~~~~##~#########~##~~~~~~~.
...~~~~~~~##~')#?.)#)'~##~~~~~~~.
...~~~~~~~##~###o8o###~##~~~~~~~.
...~~~~~~~##~')#@).#.'~##~~~~~~~.
...~~~~~~~##~####'####~##~~~~~~~.
...~~~~~~~##~~##∩.∩##~~#~~~~~~~~.
...~~~~~~~~~~~##'''#~~##~~~~~~~~.
...~~~~~~~~~~~##~~~~~##~~~~~~~~~.
...~≈≈~≈≈≈~~~~##~~~~##~~~≈≈≈~≈≈~.
...≈≈#)##≈~~~~#######~~~~≈##.#≈≈.
...≈##)∩#≈~~~~~~~~~~~~~~~≈#∩.##≈.
...≈#.)..~~~~~~~~~~~~~~~)~)...#≈.


You could see an orc knight (strong) and an orc warrior (strong).

Vanquished Creatures
  An orc knight (Bailey)
  Maggie (D:6)
  Menkaure (D:5)
  An acid dragon (D:7)
  A water moccasin (D:4)
  A black bear (D:5)
  10 orc warriors
  A sky beast (D:6)
  An ice beast (D:5)
  2 ogres
  2 centaurs
  3 bullfrogs (D:7)
  A scorpion (D:5)
  A bombardier beetle (D:6)
  5 orc priests
  4 hounds (D:5)
  2 jellies
  Crazy Yiuf (D:3)
  5 orc wizards
  A sleepcap (D:4)
  5 iguanas
  4 gnolls (D:5)
  5 adders
  A white imp (D:7)
  2 ribbon worms (D:3)
  3 dart slugs
  37 orcs
  9 ball pythons
  2 bats
  13 endoplasms
  3 giant cockroaches
  6 goblins
  2 hobgoblins (D:4)
  3 jackals (D:5)
  A quokka (D:1)
  4 frilled lizards
  3 kobolds
  6 rats
154 creatures vanquished.

Vanquished Creatures (others)
  An orc warrior (Bailey)
  A centaur (D:8)
2 creatures vanquished.

Grand Total: 156 creatures vanquished

Notes
Turn   | Place    | Note
-------+----------+-------------------------------------------
     0 | D:1      | Persephone the Gargoyle Fighter began the quest for the
                  | Orb.
     0 | D:1      | Reached XP level 1. HP: 14/14 MP: 1/1
    84 | D:1      | Reached XP level 2. HP: 19/19 MP: 2/2
   493 | D:1      | Reached skill level 3 in Maces & Flails
   901 | D:2      | Reached XP level 3. HP: 23/23 MP: 3/3
   940 | D:2      | Found Ebroa's Weapon Shop.
  1286 | D:2      | Reached skill level 4 in Maces & Flails
  1486 | D:2      | Found a faded altar of an unknown god.
  1819 | D:3      | Reached XP level 4. HP: 18/28 MP: 4/4
  2056 | D:3      | Identified the +6 whip "Ibiuverph" {freeze, rPois}
  2270 | D:3      | Found a runed translucent door.
  2271 | D:3      | Noticed Crazy Yiuf
  2278 | D:3      | Killed Crazy Yiuf
  2279 | D:3      | Reached skill level 5 in Maces & Flails
  2457 | D:4      | Noticed an ogre
  2460 | D:4      | Reached XP level 5. HP: 29/32 MP: 5/5
  2491 | D:4      | Found a hide-covered altar of Uskayaw.
  2493 | D:4      | Found an iron altar of Okawaru.
  2503 | D:4      | Found a sacrificial altar of Ru.
  2504 | D:4      | Found a white marble altar of Elyvilon.
  2627 | D:4      | Noticed a water moccasin
  2638 | D:4      | Killed a water moccasin
  2639 | D:4      | Reached skill level 6 in Maces & Flails
  2639 | D:4      | Reached XP level 6. HP: 36/37 MP: 6/6
  2803 | D:4      | Reached skill level 7 in Maces & Flails
  3253 | D:5      | Entered Level 5 of the Dungeon
  3281 | D:5      | Noticed an ice beast
  3293 | D:5      | Killed an ice beast
  3294 | D:5      | Reached XP level 7. HP: 27/41 MP: 7/7
  3581 | D:5      | Reached skill level 8 in Maces & Flails
  3725 | D:5      | Noticed Menkaure
  3726 | D:5      | Found Jaelibb's Jewellery Shoppe.
  3731 | D:5      | Found Baced's Antique Weapon Emporium.
  3731 | D:5      | Found Hoponkac's Jewellery Emporium.
  3731 | D:5      | Found Cydir's Antique Weapon Shoppe.
  3883 | D:5      | Killed Menkaure
  4052 | D:5      | Reached skill level 9 in Maces & Flails
  4052 | D:5      | Reached XP level 8. HP: 43/46 MP: 8/8
  4060 | D:5      | Found Tovejaich's Assorted Antiques.
  4062 | D:5      | Found Debunas's Armour Emporium.
  4255 | D:5      | Found Teff's CLEARANCE SALE!.
  4333 | D:5      | You fall into a shaft and drop 2 floors!
  4639 | D:5      | Reached skill level 10 in Maces & Flails
  4739 | D:6      | Identified the +4 hand axe of Sloth {holy, rElec Dex+4}
  4741 | D:6      | Noticed Maggie
  4758 | D:6      | Killed Maggie
  4759 | D:6      | Reached skill level 11 in Maces & Flails
  5027 | D:6      | Reached XP level 9. HP: 51/51 MP: 9/9
  5951 | D:7      | Reached skill level 12 in Maces & Flails
  6045 | D:7      | Found a snail-covered altar of Cheibriados.
  6114 | D:7      | Found a staircase to the Ecumenical Temple.
  6136 | Temple   | Entered the Ecumenical Temple
  6166 | Temple   | Became a worshipper of the Shining One
  6634 | D:8      | Found a flagged portal.
  6663 | Bailey   | Entered a bailey
  6750 | Bailey   | Reached skill level 13 in Maces & Flails
  7092 | Bailey   | Reached XP level 10. HP: 49/56 MP: 7/10
  7195 | Bailey   | Noticed an orc knight
  7195 | Bailey   | Noticed an orc knight
  7201 | Bailey   | Killed an orc knight
  7202 | Bailey   | Reached skill level 14 in Maces & Flails
  7211 | Bailey   | Mangled by an orc warrior

Illustrated notes

Levels and vault maps discovered:
D:1:      dpeg_arrival_stonehenge_8_columns, layout_basic, serial_forest,
          infiniplex_forest_clump_small, infiniplex_forest_pool,
          infiniplex_forest_lined_2, infiniplex_forest_clump_large,
          infiniplex_forest_clump_large, infiniplex_forest_lined_corner,
          infiniplex_forest_clump_double, lemuel_flame_loot_1
D:2:      layout_loops_corners, serial_shops, nicolae_shop_bloodbath_and_beyond,
          dilly_ecumenical_altar_fadedgnrine, minmay_misc_feat_rows
D:3:      layout_rooms, minivault_23, uniq_crazy_yiuf_cottage
D:4:      layout_loops_ring, chequers_temple_overflow_statue_of_worship,
          st_stairs_5, minmay_starry_boxes
D:5:      layout_loops_ring, nicolae_shop_national_dungeon_mall,
          nicolae_shop_clearance, uniq_menkaure
D:6:      layout_basic, hex_medium, uniq_maggie
D:7:      layout_rooms, mainiacjoe_overflow_cross_hatched,
          minmay_temple_entry_hall
D:8:      wander_kiku_kobolds, layout_rooms, mainiacjoe_overflow_catch_the_wave,
          enter_bailey_6
Temple:   eino_temple_water
Bailey:   bailey_polearm_2, bailey

Skill      XL: |  1  2  3  4  5  6  7  8  9 10 |
---------------+-------------------------------+-----
Maces & Flails | 3 4 5 6 7 9 11 13 14 | 14.0
Fighting       | |  3.8
Armour         | |  3.8
Shields        | |  3.8

Action                     |  1- 3 |  4- 6 |  7- 9 | 10-12 || total
---------------------------+-------+-------+-------+-------++-------
  Melee: Flail             |   109 |    27 |       |       ||   136
         Whip              |       |    75 |   315 |    21 ||   411
    Use: Scroll            |       |     6 |     2 |     1 ||     9
         Potion            |       |     1 |       |     1 ||     2
 Armour: Scale mail        |    14 |       |       |       ||    14
         Plate armour      |    67 |    73 |   206 |    14 ||   360
         Chain mail        |    11 |       |       |       ||    11
  Dodge: Dodged            |    32 |    23 |    99 |    15 ||   169
  Block: Buckler           |    21 |    20 |    61 |     1 ||   103
